 Dungeon Crawl Stone Soup version 0.29.1-1-gd02db6906a (webtiles) character file.

Game seed: 1394899413730229532

551 xian the Chopper (level 7, -18/54 HPs)
             Began as a Demonspawn Abyssal Knight on Oct 8, 2022.
             Was an Elder of Lugonu.
             Killed from afar by an acid dragon (24 damage)
             ... with a splash of acid
             ... on level 4 of the Dungeon.
             The game lasted 00:09:59 (4310 turns).

xian the Chopper (Demonspawn Abyssal Knight)        Turns: 4310, Time: 00:10:00

Health: -18/54     AC: 15    Str: 11 (14) XL:     7   Next: 7%
Magic:  8/8        EV:  8    Int: 19 (22) God:    Lugonu [****..]
Gold:   281        SH:  3    Dex: 10 (12) Spells: 6/6 levels left

rFire   . . .      SeeInvis .   a - +1 hand axe
rCold   . . .      Faith    .   z - +0 buckler
rNeg    . . .      Spirit   .   y - +6 scale mail "Paoruat" {Stlth+}
rPois   .          Reflect  .   b - +0 helmet
rElec   .          Harm     .   (no cloak)
rCorr   .          Rampage  .   r - +2 pair of gloves
Will    .....                   n - +2 pair of boots
Stlth   +.........              p - amulet of regeneration
HPRegen 0.98/turn               l - +6 ring of intelligence
MPRegen 0.11/turn               (no ring)

@: corroded, attractive, hasted, invisible, very quick
A: hooves 1, molten scales 2, clever 1, no potion heal 1
a: Renounce Religion, Depart the Abyss, Bend Space, Banish, Corrupt


You were on level 4 of the Dungeon.
You worshipped Lugonu.
Lugonu was greatly pleased with you.
You visited 1 branch of the dungeon, and saw 4 of its levels.
You visited the Abyss 1 time.

You collected 281 gold pieces.

Inventory:

Hand Weapons
 a - a +1 hand axe (weapon)
 C - a +0 arbalest
Missiles
 g - 26 stones
Armour
 b - a +0 helmet (worn)
 n - a +2 pair of boots (worn)
 r - a +2 pair of gloves (worn)
 y - the +6 scale mail "Paoruat" (worn) {Stlth+}
   (You found it on level 3 of the Dungeon)

   Stlth:     It makes you more stealthy.
 z - a +0 buckler (worn)
Jewellery
 l - a +6 ring of intelligence (left hand)
 p - an amulet of regeneration (around neck)
Wands
 B - a wand of polymorph (9)
Scrolls
 d - a scroll of magic mapping
 j - a scroll of poison
 m - a scroll of immolation
 q - 3 scrolls of fog
Potions
 c - 4 potions of curing
 e - a potion of ambrosia {unknown}
 f - 2 potions of brilliance
 s - a potion of haste
 t - a potion of flight
 u - a potion of heal wounds {unknown}
 x - a potion of berserk rage {unknown}
 A - a potion of lignification


   Skills:
 + Level 4.1 Fighting
 + Level 5.1 Axes
 + Level 3.7 Armour
 + Level 2.2 Dodging
 + Level 0.4 Stealth
 + Level 2.5 Invocations


You had 6 spell levels left.
You didn't know any spells.
Your spell library contained the following spells:

 Spells                   Type           Power      Damage    Failure   Level
 Summon Small Mammal      Summ           0%         N/A       83%         1
 Call Canine Familiar     Summ           0%         N/A       99%         3
 Summon Guardian Golem    Hex/Summ       0%         N/A       99%         3


Dungeon Overview and Level Annotations

Branches:
Dungeon (4/15)
 Temple: D:4-7

Altars:
Ashenzari
Fedhas
Makhleb
Trog
Wu Jian
Xom

Shops:
D:3 *

Annotations:
D:4 1 runed translucent door, Crazy Yiuf


Innate Abilities, Weirdness & Mutations

You have large cloven feet.
You are mostly covered in molten scales. (AC +3)
Your mind is acute. (Int +4, Str/Dex -1)
Potions are less effective at restoring your health.


Message History

The acid dragon claws you but does no damage.
Unknown command.
As you read the scroll labelled HUMOGE WUMMIDD, it crumbles to dust.
The scroll dissolves into smoke.
It was a scroll of fog.
As you read the scroll labelled AGIUSM VYMOE, it crumbles to dust.
You feel aware of your surroundings.
You sensed 1 altar.
It was a scroll of magic mapping.
The acid dragon bites you but does no damage.
The acid dragon claws you but does no damage.
Unknown command.
As you read the scroll labelled XOMAHO KYHIMYS IRE, it crumbles to dust.
It is a scroll of amnesia.
You feel forgetful for a moment. The acid dragon bites you.
* * * LOW HITPOINT WARNING * * *
The acid dragon claws you but does no damage.
As you read the scroll labelled YGISHR WUAD, it crumbles to dust.
It is a scroll of identify.
m - a scroll of immolation
Okay, then.
It was a potion of mutation.
You feel extremely strange.
Your system partially rejects the healing effects of potions.
You feel clever. The acid dragon closely misses you.
The acid dragon claws you but does no damage.
Unknown command.
It was a potion of invisibility.
You fade into invisibility!
The acid dragon bites you!
* * * LOW HITPOINT WARNING * * *
The acid dragon claws you but does no damage.
Okay, then.
It was a potion of attraction.
You feel attractive to monsters.
Unknown command.
It was a potion of degeneration.
There was something very wrong with that liquid.
You feel weakened.
You feel dopey.
You feel clumsy. The acid dragon spits acid at you.
The splash of acid hits you!!
You die...

###....##,,,(..##....##
##.~..##.,*###..##..~.##
#...≈##..*#.$##...#≈...#
#~...#☼.##≈:.≈##..#...~#
#.~~.#8.#..##..#.8#.~≈.#
#...~#☼..≈.⌠S.≈#..)~...#
#..^~#wl#~,>,,~#..#~...#
#.≈≈.#8D#,,**,,#.8#.~~.#
#≈...#§@##~,,~##..#...~#
#...~##§☼##,,##..##~...#
##.~..##§☼####.^##..~.##
##....##§§§^..##....##.
###..≈###§§###~...##.#
###..)####...#####.#
###......### #.#
######## #.. ###


You could see an acid dragon (unable to see you, catching breath), an iguana
(unable to see you) and a dart slug (unable to see you).

Vanquished Creatures
  Duvessa (D:4)
  2 scorpions (D:4)
  Dowan (D:4)
  A hound (D:4)
  A jelly (D:4)
  An orc priest (D:3)
  An iguana (D:4)
  An orc wizard (D:4)
  8 adders
  A worm (D:4)
  3 dart slugs
  5 orcs
  2 ball pythons
  5 bats
  7 endoplasms
  4 giant cockroaches
  9 goblins
  3 hobgoblins
  8 kobolds
  3 quokkas
  7 rats
74 creatures vanquished.

Notes
Turn   | Place    | Note
-------+----------+-------------------------------------------
     0 | Abyss:1  | xian the Demonspawn Abyssal Knight began the quest for the
                  | Orb.
     0 | Abyss:1  | Reached XP level 1. HP: 18/18 MP: 2/2
     1 | D:1      | Escaped the Abyss
   452 | D:1      | Reached skill level 1 in Dodging
   452 | D:1      | Gained mutation: You are partially covered in molten
                  | scales. (AC +2) [demonic ancestry]
   452 | D:1      | Reached XP level 2. HP: 15/24 MP: 3/3
   737 | D:1      | Reached skill level 2 in Axes
   977 | D:2      | Found a broken altar of Ashenzari.
  1333 | D:2      | Reached XP level 3. HP: 28/29 MP: 4/4
  1595 | D:2      | Identified the +1 leather armour "Bogounn" {Harm rElec rC+
                  | rCorr Int+2}
  1980 | D:2      | Reached *** piety under Lugonu
  2014 | D:2      | Reached XP level 4. HP: 35/35 MP: 5/5
  2121 | D:2      | Reached skill level 3 in Axes
  2359 | D:3      | Identified the +1 robe of Kasaj {Str+3}
  2924 | D:3      | Found a shimmering altar of Xom.
  2925 | D:3      | Found a blossoming altar of Fedhas.
  2925 | D:3      | Found a burning altar of Makhleb.
  3065 | D:3      | Found Zin's Purification Station.
  3068 | D:3      | Identified the +6 scale mail "Paoruat" {Stlth+}
  3325 | D:4      | Gained mutation: You are mostly covered in molten scales.
                  | (AC +3) [demonic ancestry]
  3325 | D:4      | Reached XP level 5. HP: 38/41 MP: 6/6
  3370 | D:4      | Noticed Duvessa
  3371 | D:4      | Noticed Dowan
  3413 | D:4      | Killed Dowan
  3414 | D:4      | Killed Duvessa
  3415 | D:4      | Reached skill level 4 in Axes
  3415 | D:4      | Gained mutation: You have large cloven feet. [demonic
                  | ancestry]
  3415 | D:4      | Reached XP level 6. HP: 34/48 MP: 7/7
  3497 | D:4      | Found an ornate altar of the Wu Jian Council.
  3813 | D:4      | Found a bloodstained altar of Trog.
  4010 | D:4      | Found a runed translucent door.
  4011 | D:4      | Noticed Crazy Yiuf
  4221 | D:4      | Reached **** piety under Lugonu
  4222 | D:4      | Reached skill level 5 in Axes
  4222 | D:4      | Reached XP level 7. HP: 54/54 MP: 8/8
  4247 | D:4      | Noticed a hornet
  4268 | D:4      | Paralysed by a hornet for 3 turns
  4283 | D:4      | Paralysed by a hornet for 1 turns
  4284 | D:4      | a hornet changed into an acid dragon
  4307 | D:4      | Gained mutation: Potions are less effective at restoring
                  | your health. [potion of mutation]
  4307 | D:4      | Gained mutation: Your mind is acute. (Int +4, Str/Dex -1)
                  | [potion of mutation]
  4310 | D:4      | Killed from afar by an acid dragon

Illustrated notes

Levels and vault maps discovered:
D:1:      zelgadis_glass_arrival_small, layout_basic
D:2:      layout_loops_ring, basic_altar, minmay_3d_cube
D:3:      layout_basic, gammafunk_temple_overflow_claw, zin_purify,
          minmay_quantized
D:4:      layout_loops_ring, tso_oasis_becter, lightli_temple_of_fire,
          nicolae_wu_jian_wuxing_cycle, chequers_serial_rivers_large_a,
          nzn_random_ring, uniq_crazy_yiuf_cottage, uniq_duvessa

Skill      XL: |  1  2  3  4  5  6 |
---------------+-------------------+-----
Dodging        | 1 2 |  2.2
Axes           | 2 3 4 5 |  5.1
Armour         | 2 3 |  3.7
Fighting       | 4 |  4.1
Stealth        | |  0.4
Invocations    | |  2.5

Action                   |  1- 3 |  4- 6 |  7- 9 || total
-------------------------+-------+-------+-------++-------
Melee: Hand axe          |   140 |   248 |    41 ||   429
       Punch             |     3 |     2 |       ||     5
Evoke: Wand              |       |       |     2 ||     2
  Use: Potion            |       |     3 |     7 ||    10
       Scroll            |       |       |     5 ||     5
Armor: Leather armour    |    63 |    29 |       ||    92
       Scale mail        |       |   138 |    29 ||   167
       Skin              |       |       |    12 ||    12
Dodge: Dodged            |   105 |    99 |    21 ||   225
Block: Buckler           |       |    18 |     5 ||    23
